 Dungeon Crawl Stone Soup version 0.18.1-1-g2f07953 (webtiles) character file.

16485 nikopol the Cleaver (level 12, -9/165 HPs)
             Began as a Hill Orc Berserker on May 6, 2016.
             Was a High Priest of Trog.
             Mangled by a 19-headed hydra (10 damage)
             ... on level 3 of the Lair of Beasts.
             The game lasted 00:46:48 (14351 turns).

nikopol the Cleaver (Hill Orc Berserker)           Turns: 14351, Time: 00:46:49

Health: -9/165     AC: 15    Str: 28    XL:     12   Next: 38%
Magic:  12/12      EV: 13    Int:  7    God:    Trog [*****.]
Gold:   590        SH: 15    Dex: 14    Spells: 0 memorised, 11 levels left

rFire  . . .     SeeInvis .     e - +0 hand axe (chop)
rCold  . . .     Gourm    +     r - +2 scale mail {rPois}
rNeg   . . .     Faith    .     d - +2 shield
rPois  +         Spirit   .     (no helmet)
rElec  .         Dismiss  .     l - +2 cloak
rCorr  .         Reflect  .     g - +1 pair of gloves
SustAt .         Harm     .     (no boots)
MR     .....                    W - amulet of the gourmand
Stlth  ..........               (no ring)
                                (no ring)

@: berserking, very quick, not resistant to hostile enchantments, extremely
unstealthy
A: agile 1
a: Berserk, Trog's Hand, Brothers in Arms, Burn Spellbooks, Renounce Religion


You were on level 3 of the Lair of Beasts.
You worshipped Trog.
Trog was extremely pleased with you.
You were very full.

You visited 2 branches of the dungeon, and saw 13 of its levels.

You collected 818 gold pieces.
You spent 228 gold pieces at shops.

Inventory:

Hand Weapons
 a - a +0 hand axe
 e - a +0 hand axe of chopping (weapon)
 B - a cursed +3 battleaxe
 J - a cursed +2 battleaxe of freezing
Missiles
 z - 8 javelins of penetration
 I - 10 tomahawks (quivered)
Armour
 d - a +2 shield (worn)
 g - a +1 pair of gloves (worn)
 l - a +2 cloak (worn)
 r - a +2 scale mail of poison resistance (worn)
Jewellery
 H - an uncursed amulet of dismissal
 T - an uncursed ring of ice
 W - an amulet of the gourmand (around neck)
Wands
 u - a wand of disintegration (3/24)
 C - a wand of paralysis (16/24)
 G - a wand of disintegration (9/24)
 M - a wand of lightning (10/15)
Scrolls
 i - 8 scrolls of remove curse
 j - 2 scrolls of noise {unknown}
 m - a scroll of recharging {unknown}
 n - 5 scrolls of random uselessness {unknown}
 o - 2 scrolls of summoning {unknown}
 q - 2 scrolls of fear {unknown}
 s - 3 scrolls of amnesia {unknown}
 w - 4 scrolls of identify
 y - 3 scrolls of magic mapping
 A - 4 scrolls of teleportation {unknown}
 Q - a scroll of immolation {unknown}
 R - a scroll of torment {unknown}
 S - 4 scrolls of fog {unknown}
 U - a scroll of blinking {unknown}
Potions
 b - 2 potions of mutation
 f - 6 potions of curing
 h - a potion of agility
 k - 4 potions of haste
 p - 5 potions of flight
 t - a potion of might
 D - a potion of cancellation {unknown}
 E - 4 potions of heal wounds {unknown}
 F - 4 potions of resistance
 N - 3 potions of degeneration {unknown}
 O - a potion of brilliance {unknown}
Comestibles
 c - 7 bread rations
 v - 5 meat rations
 x - 2 fruits
 K - 2 royal jellies
 L - 6 beef jerkies
 P - a chunk of flesh


   Skills:
 * Level 11.6 Fighting
 * Level 12.6 Axes
 + Level 5.1 Throwing
 + Level 7.9 Armour
 + Level 6.5 Dodging
 * Level 10.0 Shields


You had 11 spell levels left.
You didn't know any spells.

Dungeon Overview and Level Annotations

Branches:
Dungeon (10/15)            Temple (0/1) D:6            Lair (3/8) D:10
  Swamp: Lair:3-6    Shoals: Lair:3-6     Snake: Lair:3-6    Spider: Lair:3-6
    Orc: D:9-12

Altars:
Elyvilon
Fedhas
Makhleb
Qazlal
Ru
Yredelemnul
Zin
The Shining One

Shops:
D:7 :?   D:9 =

Annotations:
Lair:1 exclusion: 6 oklob plants


Innate Abilities, Weirdness & Mutations

You are agile. (Dex +2)


Message History

The 18-headed hydra is heavily wounded.
You slice one of the 18-headed hydra's heads off!
The 17-headed hydra grows two more!
You hit the 19-headed hydra.
The 19-headed hydra is moderately wounded.
You block the 19-headed hydra's attack. x2
The 19-headed hydra bites you but does no damage. x2
You block the 19-headed hydra's attack.
The 19-headed hydra bites you but does no damage.
The 19-headed hydra closely misses you. The 19-headed hydra bites you.
* * * LOW HITPOINT WARNING * * *
The 19-headed hydra bites you.
* * * LOW HITPOINT WARNING * * *
The 19-headed hydra bites you!
* * * LOW HITPOINT WARNING * * *
The 19-headed hydra bites you!
* * * LOW HITPOINT WARNING * * *
The 19-headed hydra closely misses you. The 19-headed hydra bites you!
* * * LOW HITPOINT WARNING * * *
The 19-headed hydra bites you!
You die...

#.#.##.#...
##..........
#...........
...........
#........#
#........#
#..D....#
##.#@....#
#P.#.##..#
#...## .#
#.#..# #.##
#># .. ##.#
... #..##
#...
#...##...P


You could see a 19-headed hydra.

Vanquished Creatures
  Fannar (Lair:3)
  Erica (D:8)
  2 hill giants
  Pikel (D:8)
  Joseph (Lair:1)
  2 spiny frogs
  3 komodo dragons
  A troll (D:10)
  Prince Ribbit (Lair:1)
  A two-headed ogre (D:10)
  2 blink frogs (Lair:1)
  20 yaks
  2 wyverns (D:8)
  3 hippogriffs (Lair:1)
  9 water moccasins
  2 hell hounds (D:10)
  9 porcupines
  4 sky beasts
  An orc warrior (D:10)
  3 ice beasts
  A necrophage (D:9)
  2 phantoms
  2 black bears
  2 centaurs
  3 ogres
  4 wolves
  2 crocodiles
  6 giant frogs
  3 scorpions
  4 killer bees (D:10)
  9 wights
  2 jellies
  3 howler monkeys
  5 crimson imps
  A centaur zombie (D:10)
  8 hounds
  A giant frog zombie (D:5)
  2 orc priests (D:3)
  A giant frog skeleton (D:6)
  7 iguanas
  Terence (D:3)
  Ijyb (D:3)
  9 orc wizards
  2 worker ants
  7 sheep (Lair:2)
  A hound skeleton (D:5)
  2 worker ant zombies
  3 gnolls (D:2)
  8 adders
  36 river rats
  A shadow imp (D:8)
  An adder skeleton (D:5)
  An adder zombie (D:5)
  4 worms
  3 dart slugs
  8 giant geckos
  26 orcs
  4 giant cockroaches
  9 goblins
  5 hobgoblins
  9 jackals
  4 quokkas
  9 bats
  11 giant newts
  A jackal skeleton (D:4)
  8 kobolds
  2 quokka skeletons
  5 rats
318 creatures vanquished.

Vanquished Creatures (collateral kills)
  The ghost of Shenda the Transmogrifier, a novice DrTm of Okawaru (Lair:1)
1 creature vanquished.

Vanquished Creatures (others)
  An ogre (D:8)
  A hound (D:8)
  An iguana (D:8)
  A shadow imp (D:8)
  2 giant cockroaches (D:8)
  3 fungi
  A plant (Lair:2)
10 creatures vanquished.

Grand Total: 329 creatures vanquished

Notes
Turn   | Place    | Note
--------------------------------------------------------------
     0 | D:1      | nikopol the Hill Orc Berserker began the quest for the Orb.
     0 | D:1      | Reached XP level 1. HP: 19/19 MP: 1/1
   355 | D:1      | Reached XP level 2. HP: 15/27 MP: 2/2
  1244 | D:2      | Reached XP level 3. HP: 29/33 MP: 3/3
  1298 | D:2      | Reached ** piety under Trog
  1589 | D:2      | Reached skill level 1 in Shields
  1751 | D:2      | Reached XP level 4. HP: 40/40 MP: 4/4
  2151 | D:3      | Reached *** piety under Trog
  2370 | D:3      | Noticed Ijyb
  2388 | D:3      | Killed Ijyb
  2388 | D:3      | Reached skill level 5 in Axes
  2388 | D:3      | Reached XP level 5. HP: 47/47 MP: 5/5
  2436 | D:3      | Noticed Terence
  2446 | D:3      | Killed Terence
  2647 | D:3      | Reached XP level 6. HP: 53/53 MP: 6/6
  2971 | D:4      | Noticed a phantom
  3026 | D:4      | Killed a phantom
  3026 | D:4      | Reached skill level 5 in Fighting
  3156 | D:4      | Found a burning altar of Makhleb.
  3157 | D:4      | Found a stormy altar of Qazlal.
  3171 | D:4      | Found a sacrificial altar of Ru.
  3280 | D:4      | Reached XP level 7. HP: 55/61 MP: 7/7
  3521 | D:5      | Entered Level 5 of the Dungeon
  3656 | D:5      | Reached skill level 6 in Axes
  3806 | D:5      | HP: 3/61 [wight/enchanted battleaxe (7)]
  3806 | D:5      | HP: 1/61 [wight/enchanted battleaxe (2)]
  4249 | D:5      | Reached XP level 8. HP: 15/70 MP: 8/8
  4784 | D:5      | Reached **** piety under Trog
  5181 | D:5      | Reached skill level 7 in Axes
  5181 | D:5      | Reached skill level 5 in Armour
  5470 | D:6      | Reached skill level 1 in Throwing
  5632 | D:6      | Found a basalt altar of Yredelemnul.
  5756 | D:6      | Found a staircase to the Ecumenical Temple.
  5811 | D:6      | Found a glowing golden altar of the Shining One.
  5877 | D:6      | Reached skill level 5 in Shields
  5938 | D:6      | Reached XP level 9. HP: 78/79 MP: 9/9
  6275 | D:6      | Found a white marble altar of Elyvilon.
  6358 | D:7      | Reached skill level 8 in Axes
  6386 | D:7      | Found Geonemor's Book Shop.
  7077 | D:7      | Found Bosene Noyd's Magic Scroll Emporium.
  7087 | D:7      | Bought a scroll of enchant armour for 90 gold pieces
  7087 | D:7      | Bought a scroll of magic mapping for 42 gold pieces
  7087 | D:7      | Bought a scroll of identify for 24 gold pieces
  7087 | D:7      | Bought a scroll of identify for 24 gold pieces
  7087 | D:7      | Bought a scroll of identify for 24 gold pieces
  7087 | D:7      | Bought a scroll of identify for 24 gold pieces
  7105 | D:7      | Gained mutation: You are agile. (Dex +2) [potion of beneficial mutation]
  7462 | D:8      | Found a glowing silver altar of Zin.
  7642 | D:8      | Noticed Pikel
  7661 | D:8      | Killed Pikel
  7661 | D:8      | Reached skill level 9 in Axes
  8000 | D:8      | Noticed Erica
  8017 | D:8      | Killed Erica
  8017 | D:8      | Reached skill level 5 in Dodging
  8017 | D:8      | Reached XP level 10. HP: 90/90 MP: 10/10
  9056 | D:9      | Found Buih's Jewellery Shop.
  9118 | D:9      | Noticed a hill giant
  9137 | D:9      | Killed a hill giant
  9137 | D:9      | Reached skill level 10 in Axes
  9420 | D:10     | Entered Level 10 of the Dungeon
  9461 | D:10     | Found a staircase to the Lair.
  9783 | D:10     | Noticed a hill giant
  9787 | D:10     | Received a gift from Trog
  9798 | D:10     | Killed a hill giant
  9943 | D:10     | Reached ***** piety under Trog
 10315 | D:10     | Reached XP level 11. HP: 99/99 MP: 11/11
 10317 | D:10     | Reached skill level 10 in Fighting
 10612 | D:10     | Reached skill level 11 in Axes
 10743 | Lair:1   | Entered Level 1 of the Lair of Beasts
 10802 | Lair:1   | Received a gift from Trog
 10857 | Lair:1   | Noticed an oklob plant
 11277 | Lair:1   | Noticed Prince Ribbit
 11288 | Lair:1   | Killed Prince Ribbit
 11320 | Lair:1   | Noticed Shenda's ghost (novice DrTm)
 11347 | Lair:1   | Killed Shenda's ghost
 11354 | Lair:1   | Noticed Joseph
 11371 | Lair:1   | Killed Joseph
 11808 | Lair:1   | Found a blossoming altar of Fedhas.
 11823 | Lair:1   | Noticed an oklob plant
 12026 | Lair:1   | Noticed an oklob plant
 12029 | Lair:1   | Noticed an oklob plant
 12032 | Lair:1   | Noticed an oklob plant
 12032 | Lair:1   | Noticed an oklob plant
 12526 | Lair:2   | Reached skill level 12 in Axes
 12552 | Lair:2   | Reached XP level 12. HP: 110/110 MP: 12/12
 13684 | Lair:2   | Reached skill level 5 in Throwing
 13827 | Lair:3   | Noticed Fannar
 13917 | Lair:3   | Killed Fannar
 13917 | Lair:3   | Reached skill level 10 in Shields
 14333 | Lair:3   | Noticed a six-headed hydra
 14351 | Lair:3   | HP: 1/165 [19-headed hydra (8)]
 14351 | Lair:3   | Mangled by a 19-headed hydra

Skill      XL: |  1  2  3  4  5  6  7  8  9 10 11 12 |
---------------+-------------------------------------+-----
Dodging        | 2 3 4 5 6 |  6.5
Fighting       | 4 5 6 7 8 9 11 | 11.6
Shields        | 1 2 3 4 5 7 8 9 10 | 10.0
Axes           | 5 6 7 9 10 12 | 12.6
Armour         | 3 4 5 6 7 |  7.9
Throwing       | 1 3 4 5 |  5.1

Action                   |  1- 3 |  4- 6 |  7- 9 | 10-12 || total
-------------------------+-------+-------+-------+-------++-------
Melee: Hand axe          |   147 |   239 |   619 |   798 ||  1803
Throw: Tomahawk          |       |       |    18 |    89 ||   107
Invok: Berserk           |       |     3 |     4 |    10 ||    17
       Trog's Hand       |       |       |       |     2 ||     2
       Burn Spellbooks   |       |       |       |     1 ||     1
       Brothers in Arms  |       |       |       |     1 ||     1
  Use: Scroll            |       |     2 |    11 |     1 ||    14
       Potion            |       |       |     1 |       ||     1
  Eat: Chunk             |     3 |     8 |     9 |    47 ||    67
       Bread ration      |       |       |     2 |       ||     2
       Fruit             |       |       |     1 |       ||     1
Armor: Ring mail         |    66 |    57 |       |       ||   123
       Animal skin       |     1 |       |       |       ||     1
       Scale mail        |       |    24 |   194 |   207 ||   425
Dodge: Dodged            |    61 |    60 |   139 |   238 ||   498
Block: Shield            |   104 |   102 |   239 |   469 ||   914
